 Dungeon Crawl Stone Soup version 0.32-a0-928-g1cae6b7ea0 (webtiles) character file.

Game seed: 8965086107333292735

12518 particleface the Toxicologist (level 11, 0/89 HPs)
             Began as a Barachi Alchemist on Apr 12, 2024.
             Was a High Priest of Okawaru.
             Succumbed to a cane toad's poison
             ... on level 2 of the Lair of Beasts.
             The game lasted 00:35:50 (13411 turns).

particleface the Toxicologist (Barachi Alchemist)  Turns: 13411, Time: 00:35:50

Health: 0/89       AC:  8    Str:  9    XL:     11   Next: 94%
Magic:  16/16      EV: 17    Int: 19    God:    Okawaru [*****.]
Gold:   487        SH:  0    Dex: 23    Spells: 1/17 levels left

rFire   . . .        a - +9 sling "Zien" {flame, rC+ Dex+3 Stlth+}
rCold   + . .        (no shield)
rNeg    . . .        Q - +0 steam dragon scales
rPois   .            x - +0 helmet
rElec   .            (no cloak)
rCorr   .            c - +0 pair of gloves
SInv    .            n - +0 pair of boots
Will    .....        (no amulet)
Stlth   +++          z - +5 ring of evasion
HPRegen 0.34/turn    d - +6 ring of dexterity
MPRegen 0.15/turn

%: no passive effects
@: lethally poisoned (0 -> -13), unable to hop, attractive, slow
A: amphibious, slowness 1, strong legs 1, +LOS
a: Hop, Renounce Religion, Heroism, Finesse, Duel


You were on level 2 of the Lair of Beasts.
You worshipped Okawaru.
Okawaru was extremely pleased with you.
You visited 3 branches of the dungeon, and saw 13 of its levels.

You collected 535 gold pieces.
You spent 48 gold pieces at shops.

Inventory:

Hand Weapons
 a - the +9 sling "Zien" (weapon) {flame, rC+ Dex+3 Stlth+}
   (You found it on level 5 of the Dungeon)

   Dex+3:     It affects your dexterity (+3).
   rC+:       It protects you from cold.
   Stlth+:    It makes you more stealthy.
 b - the +7 staff of the Meek {protect, meekguard}
   (You found it on level 4 of the Dungeon)
 i - a +0 short sword
   (You took it off a kobold on level 1 of the Dungeon)
 y - the +5 quarterstaff of the Fulmar {holy, *Noise Fly Str+3 Int+5}
   (You found it on level 9 of the Dungeon)

   Str+3:     It affects your strength (+3).
   Int+5:     It affects your intelligence (+5).
   Fly:       It grants you flight.
   *Noise:    It may make a loud noise when swung.
 B - a +2 heavy war axe
   (You took it off an orc on level 3 of the Dungeon)
 F - a +0 orcbow
   (You took it off a centaur on level 6 of the Dungeon)
 L - a +0 dagger of venom
   (You bought it in a shop on level 1 of the Dungeon)
Missiles
 j - 10 javelins
 J - a curare-tipped dart
 P - 18 poisoned darts
Armour
 c - a +0 pair of gloves (worn)
   (You found it on level 1 of the Dungeon)
 n - a +0 pair of boots (worn)
   (You found it on level 2 of the Dungeon)
 x - a +0 helmet (worn)
   (You found it on level 9 of the Dungeon)
 Q - +0 steam dragon scales (worn)
   (You found it on level 7 of the Dungeon)
 R - a +0 troll leather armour {regen}
   (You found it on level 10 of the Dungeon)
Magical Staves
 O - a staff of cold {rC+}
   (You found it on level 6 of the Dungeon)
 S - a staff of alchemy
   (You found it on level 10 of the Dungeon)
Jewellery
 d - a +6 ring of dexterity (right hand)
   (You found it on level 10 of the Dungeon)
 m - a ring of fire {rF+, rC-}
   (You found it on level 9 of the Dungeon)
 q - a ring of ice {rC+, rF-}
   (You took it off a centaur on level 10 of the Dungeon)
 z - a +5 ring of evasion (left hand)
   (You found it on level 9 of the Dungeon)
 E - a ring of resist corrosion
   (You found it on level 9 of the Dungeon)
 M - a ring of ice {rC+, rF-}
   (You found it on level 6 of the Dungeon)
Wands
 g - a wand of warping (20)
   (You found it on level 4 of the Dungeon)
 t - a wand of paralysis (15)
   (You found it on level 2 of the Dungeon)
 C - a wand of flame (24)
   (You found it on level 6 of the Dungeon)
 I - a wand of polymorph (25)
   (You found it on level 5 of the Dungeon)
Scrolls
 f - 3 scrolls of vulnerability {!r!r}
 k - 5 scrolls of teleportation {!r!d, @r3}
 l - 4 scrolls of blinking {!r!d}
 s - 3 scrolls of enchant weapon
 u - a scroll of fear
 w - 2 scrolls of fog
 H - a scroll of enchant armour {unknown}
 T - a scroll of amnesia
 U - a scroll of revelation {unknown}
 V - a scroll of immolation {unknown}
Potions
 e - 2 potions of might {unknown}
 h - 2 potions of cancellation
 o - 3 potions of heal wounds {unknown}
 p - 2 potions of haste {unknown}
 r - 3 potions of attraction {!q}
 v - a potion of berserk rage {unknown}
 A - 3 potions of invisibility
 D - 2 potions of magic
 G - 2 potions of mutation {unknown}
 K - 3 potions of ambrosia {unknown}
 N - a potion of brilliance {unknown}


   Skills:
 + Level 9.0 Fighting
 - Level 2.0 Staves
 - Level 9.0 Ranged Weapons
 - Level 2.1 Dodging
 - Level 2.0 Stealth
 - Level 3.5 Spellcasting
 - Level 5.8 Conjurations
 - Level 6.0 Fire Magic
 - Level 5.0 Air Magic
 - Level 9.2 Alchemy
 - Level 7.0 Invocations
 - Level 1.0 Evocations


You had one spell level left.
You knew the following spells:

 Your Spells              Type           Power      Damage    Failure   Level
b - Ignite Poison         Fire/Alch      32%        N/A       6%          4
c - Fulminant Prism       Conj/Alch      16%        3d11      6%          4
d - Olgreb's Toxic Radia  Alch           38%        N/A       3%          4
g - Apportation           Tloc           6%         N/A       14%         1
x - Mephitic Cloud        Conj/Alch/Air  28%        N/A       2%          3

Your spell library contained the following spells:

 Spells                   Type           Power      Damage    Failure   Level
 Sting                    Conj/Alch      100%       1d9       1%          1
 Necrotise                Necr           12%        1d4       14%         1
 Mercury Vapours          Alch/Air       60%        N/A       1%          2
 Sticky Flame             Fire/Alch      32%        2d7       6%          4
 Volatile Blastmotes      Fire/Tloc      28%        2d12      13%         3
 Irradiate                Conj/Alch      16%        3d17      19%         5
 Lesser Beckoning         Tloc           6%         N/A       22%         2
 Sublimation of Blood     Necr           3%         N/A       22%         2
 Petrify                  Alch/Erth      20%        N/A       22%         4
 Maxwell's Portable Pile  Tloc           3%         2d(5-14)  41%         3
 Sigil of Binding         Hex            3%         N/A       41%         3
 Teleport Other           Tloc           3%         N/A       41%         3
 Iskenderun's Mystic Bla Conj/Tloc 14%            2d5        (+2d2     41%         4
 Ignition                 Fire           13%        3d6       100%        8
 Summon Small Mammal      Summ           Unusable   N/A       N/A         1
 Sculpt Simulacrum        Ice/Alch       Unusable   N/A       N/A         6
 Death Channel            Necr           Unusable   N/A       N/A         6

Dungeon Overview and Level Annotations

Branches:
Dungeon (10/15)            Temple (1/1) D:6            Lair (2/5) D:10
  Swamp: Lair:2-3    Shoals: Lair:2-3     Snake: Lair:2-3    Spider: Lair:2-3
    Orc: D:9-12

Altars:
Ashenzari
Cheibriados
Dithmenos
Elyvilon
Fedhas
Gozag
Hepliaklqana
Kikubaaqudgha
Makhleb
Nemelex Xobeh
Okawaru
Qazlal
Ru
Sif Muna
Trog
Uskayaw
Vehumet
Wu Jian
Xom
Yredelemnul
Zin
The Shining One
Beogh

Shops:
D:1 (

Annotations:
D:3 3 runed translucent doors, JoadsterXIII's ghost, amateur DgFi
D:4 exclusion: 2 doors
D:6 id apport, exclusion: door
D:7 2 transporters, Arkalis's ghost, novice TrFi
D:8 1 exclusion
D:9 exclusion: downstairs


Innate Abilities, Weirdness & Mutations

You are amphibious.
You cover ground slowly.
You can hop short distances.
You have an extended range of vision and can be seen from far away.


Message History

Okay, then.
Unknown command.
Memorise Apportation, consuming 1 spell level and leaving 1?
You start memorising the spell.
You continue memorising.
You finish memorising.
Spell assigned to 'g'.
A cane toad comes into view.
A cane toad is nearby!
A cane toad is nearby!
You shoot a sling bullet. The cane toad croaks.
The sling bullet hits the cane toad but does no damage.
You shoot a sling bullet. The sling bullet hits the cane toad!
The sling bullet burns the cane toad.
Unknown command.
You shoot a sling bullet. The sling bullet hits the cane toad.
The sling bullet burns the cane toad.
The cane toad stings you!!
You are poisoned.
The cane toad poisons you!
You take 22 damage, and have 67/89 hp.
MASSIVE DAMAGE!!
You shoot a sling bullet. The sling bullet hits the cane toad.
The sling bullet burns the cane toad.
You feel very sick. The cane toad closely misses you.
You take 6 damage, and have 61/89 hp.
Unknown command.
You shoot a sling bullet.
The sling bullet closely misses the cane toad.
You feel very sick. The cane toad stings you!
You are more poisoned.
The cane toad poisons you!
You take 13 damage, and have 48/89 hp.
You shoot a sling bullet.
The sling bullet hits the cane toad but does no damage.
You feel extremely sick. The cane toad barely misses you.
You take 6 damage, and have 42/89 hp.
You shoot a sling bullet.
The sling bullet barely misses the cane toad.
You feel very sick. The cane toad closely misses you.
The cane toad barely misses you.
You take 5 damage, and have 37/89 hp.
You shoot a sling bullet. The sling bullet hits the cane toad.
The sling bullet burns the cane toad.
You feel very sick. The cane toad closely misses you.
You take 5 damage, and have 32/89 hp.
Hop to where?
Press: ? - help, Dir - move target, p - cane toad Boing!
You feel very sick.
You take 2 damage, and have 30/89 hp.
It was a potion of attraction.
You feel attractive to monsters.
You feel very sick. The cane toad is attracted toward you.
You take 3 damage, and have 27/89 hp.
Aiming: Paralyse
Press: ? - help, Shift-Dir - straight line, f - cane toad
Aim: a cane toad (translocational energy, heavily wounded, chance to affect: 50%)
The cane toad resists with significant effort.
You feel sick.
You take 2 damage, and have 25/89 hp.
Aiming: Paralyse
Press: ? - help, Shift-Dir - straight line, f/p - cane toad
Aim: a cane toad (heavily wounded, chance to affect: 50%)
The cane toad resists with significant effort.
You feel sick. The cane toad stings you!
* * * LOW HITPOINT WARNING * * *
You are lethally poisoned!
The cane toad poisons you! The cane toad barely misses you.
You take 13 damage, and have 12/89 hp.
Okay, then.
Okay, then.
Unknown command.
You are lethally poisoned (12 -> -10).
You are unable to hop.
You attract monsters toward you.
Your movement speed is slow.
Your attack delay is about 0.9.
Your damage rating with the +9 sling "Zien" {flame, rC+ Dex+3 Stlth+} is about 21 (Base 7 x 132% (Dex) x 135% (Skill) + 9 (Ench)).
Your base attributes are Str 9, Int 19, Dex 14.
Unknown command.
Unknown command.
It was a potion of invisibility.
You fade into invisibility!
* * * LOW HITPOINT WARNING * * *
You feel very sick. The cane toad misses you.
You take 5 damage, and have 7/89 hp.
Okay, then.
As you read the scroll of fear, it crumbles to dust.
You assume a fearsome visage.
The cane toad looks frightened!
* * * LOW HITPOINT WARNING * * *
You feel very sick. The cane toad is attracted toward you.
You take 4 damage, and have 3/89 hp.
It was a potion of cancellation.
Your magical effects are unravelling.
You feel magically purged.
You flicker back into view.
You die...

.# ##.....†...#####...... ..
#.........##..##.#.... #..
##...#...........#.... . +..
#...####..#.##.P#.... P.##..#
##.....[..............
.......##..>....>.....###.....
......................#####...
#####.P..............P# #...
##....§F@....)....# ##...
##...............# #....
#######.##....#####......P#
##... ...<..........#
###.....####...
..............# #.....##.P...
..............# ##........[.†.
.#...##...#...# #........)..†.
.#...F....#.... ##..†......#..
#............P# #.....####.<.


You could see a cane toad (fleeing).

Vanquished Creatures
  Urug (D:10)
  A cane toad (Lair:1)
  A rime drake (Lair:2)
  4 komodo dragons (D:10 Lair:1 Lair:2)
  3 trolls (D:10)
  Grinder (D:4)
  2 polar bears (Lair:1)
  7 blink frogs (Lair:1)
  A wyvern (D:7)
  7 yaks (Lair:2)
  A wraith (D:10)
  A basilisk (Lair:1)
  3 steam dragons (D:7 D:9)
  4 water moccasins (D:6 D:7 D:9 Lair:1)
  An acid dragon (D:8)
  5 black bears (D:4 D:5 D:7 D:10)
  An ice beast (D:7)
  5 centaurs (D:6 D:7 D:9 D:10)
  A phantom (D:4)
  5 wolves (Lair:1)
  3 ogres (D:5 D:6 D:7)
  4 kobold brigands (D:5 D:7 D:9 D:10)
  9 bullfrogs (D:6 D:7 Lair:1 Lair:2)
  5 scorpions (D:4 D:5 D:6)
  9 wights (D:7)
  10 killer bees (D:8 D:7 D:9)
  6 howler monkeys (D:6 D:9)
  8 electric eels (D:6 D:9)
  4 crimson imps (D:6)
  A bombardier beetle (D:5)
  A lava snake (D:9)
  5 hounds (D:5 D:6 D:7)
  5 orc priests (D:4 D:6 D:8 D:10)
  2 gnoll boudas (D:3 D:6)
  2 jellies (D:4 D:7)
  A sleepcap (D:6)
  5 iguanas (D:4 D:6 D:7 D:10)
  7 orc wizards (D:4 D:6 D:7 D:8 D:10)
  15 gnolls (D:2 D:1 D:3 D:4 D:6)
  3 river rats (D:10)
  8 adders (D:2 D:3 D:4 D:6)
  A white imp (D:6)
  A ribbon worm (D:2)
  24 orcs (D:2 D:3 D:4 D:6 D:8)
  5 bats (D:1 D:2 D:3)
  7 endoplasms (D:1 D:2 D:3)
  2 giant cockroaches (D:1 D:2)
  6 goblins (D:1 D:2 D:3)
  5 hobgoblins (D:1 D:2 D:3)
  32 kobolds (D:1 D:2 D:3 D:4 D:5)
  4 quokkas (D:1 D:2 D:3 D:4)
  7 ball pythons (D:1 D:2 D:3 D:4)
  A frilled lizard (D:1)
  6 rats (D:1 D:2 D:3)
269 creatures vanquished.

Vanquished Creatures (others)
  A fulminant prism (Lair:2)
1 creature vanquished.

Grand Total: 270 creatures vanquished

Notes
Turn   | Place    | Note
-------+----------+-------------------------------------------
     0 | D:1      | particleface the Barachi Alchemist began the quest for the
                  | Orb.
     0 | D:1      | Reached XP level 1. HP: 13/13 MP: 3/3
   155 | D:1      | Reached skill level 2 in Conjurations
   247 | D:1      | Reached skill level 1 in Fighting
   247 | D:1      | Reached XP level 2. HP: 21/21 MP: 3/5
   285 | D:1      | Learned a level 2 spell: Mercury Vapours
   477 | D:1      | Reached skill level 2 in Stealth
   507 | D:1      | Found Zuonegg's Weapon Boutique.
  1074 | D:1      | Bought a +0 dagger of venom for 48 gold pieces
  1132 | D:2      | Reached XP level 3. HP: 26/26 MP: 3/6
  1190 | D:2      | HP: 12/26 [ribbon worm (4)]
  1195 | D:2      | HP: 6/26 [ribbon worm (6)]
  1399 | D:2      | Reached skill level 4 in Alchemy
  1406 | D:2      | Reached skill level 1 in Air Magic
  1643 | D:2      | Reached skill level 2 in Air Magic
  1694 | D:2      | Reached XP level 4. HP: 28/32 MP: 5/7
  2150 | D:1      | Reached skill level 3 in Air Magic
  2154 | D:1      | Learned a level 3 spell: Mephitic Cloud
  2431 | D:3      | Found a runed translucent gate.
  2431 | D:3      | Found a runed translucent gate.
  2431 | D:3      | Found a runed translucent gate.
  2444 | D:3      | Noticed JoadsterXIII's ghost (amateur DgFi)
  2662 | D:3      | Reached skill level 2 in Fighting
  2767 | D:3      | Reached skill level 1 in Evocations
  2767 | D:3      | Reached XP level 5. HP: 38/38 MP: 1/8
  3746 | D:3      | Reached skill level 3 in Conjurations
  3761 | D:3      | HP: 17/38 [gnoll/+0 spear[a gnoll bouda] (5)]
  4047 | D:4      | Noticed a black bear
  4372 | D:3      | Reached skill level 3 in Spellcasting
  4448 | D:4      | Noticed Grinder
  4468 | D:4      | Killed Grinder
  4469 | D:4      | Reached skill level 4 in Conjurations
  4469 | D:4      | Reached skill level 4 in Air Magic
  4469 | D:4      | Reached XP level 6. HP: 42/44 MP: 10/10
  4556 | D:4      | Reached XP level 7. HP: 50/50 MP: 6/11
  4596 | D:4      | Found a roughly hewn altar of Beogh.
  4596 | D:4      | Found the +7 staff of the Meek {protect, meekguard}
  5413 | D:4      | Reached skill level 5 in Conjurations
  5413 | D:4      | Reached skill level 5 in Air Magic
  5413 | D:4      | Reached skill level 5 in Alchemy
  5504 | D:4      | Found an ornate altar of the Wu Jian Council.
  5598 | D:4      | Reached skill level 2 in Staves
  5603 | D:4      | Learned a level 4 spell: Fulminant Prism
  5695 | D:5      | Entered Level 5 of the Dungeon
  5809 | D:5      | Reached skill level 3 in Fighting
  5919 | D:5      | Reached skill level 4 in Fighting
  5919 | D:5      | Reached XP level 8. HP: 57/60 MP: 4/12
  6456 | D:5      | Identified the +9 sling "Zien" {flame, rC+ Dex+3 Stlth+}
  6507 | D:5      | Reached skill level 2 in Ranged Weapons
  6631 | D:6      | particleface: hi
  6638 | D:6      | Reached skill level 3 in Ranged Weapons
  6726 | D:6      | Found a staircase to the Ecumenical Temple.
  6732 | Temple   | Entered the Ecumenical Temple
  6733 | Temple   | SheePop: Yo.
  6790 | Temple   | Became a worshipper of Warmaster Okawaru
  6943 | D:6      | HP: 24/60 [centaur/arrow (12)]
  6945 | D:6      | Reached skill level 4 in Ranged Weapons
  7190 | D:6      | Reached skill level 6 in Alchemy
  7310 | D:6      | Reached XP level 9. HP: 65/65 MP: 11/14
  7335 | D:6      | Reached skill level 7 in Alchemy
  7340 | D:6      | Learned a level 4 spell: Olgreb's Toxic Radiance
  7340 | D:6      | SheePop: I'm new to dcss. I was spectating gosagan
                  | yesterday and he told me about you lol.
  7340 | D:6      | particleface: oh cool
  7340 | D:6      | particleface: yeah gosagan is cool they're in my discord
  7782 | D:6      | Reached skill level 8 in Alchemy
  7909 | D:6      | Reached * piety under Okawaru
  8177 | D:6      | Found a shimmering altar of Xom.
  8190 | D:6      | Reached skill level 9 in Alchemy
  8407 | D:7      | Noticed a hell hog
  8408 | D:7      | Found a transporter.
  8601 | D:7      | Reached skill level 1 in Invocations
  8613 | D:7      | Reached skill level 5 in Ranged Weapons
  8628 | D:7      | Reached skill level 2 in Invocations
  8798 | D:7      | Reached ** piety under Okawaru
  8799 | D:7      | Reached skill level 3 in Invocations
  8799 | D:7      | Reached XP level 10. HP: 54/71 MP: 10/15
  8918 | D:7      | Reached skill level 6 in Ranged Weapons
  9090 | D:7      | Reached skill level 7 in Ranged Weapons
  9174 | D:7      | Noticed Arkalis's ghost (novice TrFi)
  9266 | D:7      | Found a transporter.
  9465 | D:7      | particleface: also welcome!
  9609 | D:7      | Reached skill level 8 in Ranged Weapons
  9710 | D:8      | HP: 34/72 [acid dragon/splash of acid (17)]
  9988 | D:8      | Found an ancient bone altar of Kikubaaqudgha.
  9989 | D:8      | Found a radiant altar of Vehumet.
  9990 | D:8      | Found a hazy altar of Hepliaklqana.
 10034 | D:8      | Noticed a two-headed ogre
 10034 | D:8      | Noticed a two-headed ogre
 10035 | D:8      | SheePop: ty
 10368 | D:9      | Reached skill level 5 in Fighting
 10398 | D:9      | Found a stormy altar of Qazlal.
 10435 | D:9      | HP: 37/75 [poisoned by a water moccasin]
 10438 | D:9      | Reached *** piety under Okawaru
 10439 | D:9      | Reached skill level 6 in Fighting
 10440 | D:9      | HP: 33/76 [poisoned by a water moccasin]
 10722 | D:9      | Identified the +5 quarterstaff of the Fulmar {holy, *Noise
                  | Fly Str+3 Int+5}
 10876 | D:9      | Found a sacrificial altar of Ru.
 11011 | D:10     | Entered Level 10 of the Dungeon
 11027 | D:10     | Found a staircase to the Lair.
 11048 | D:10     | Reached skill level 9 in Ranged Weapons
 11347 | D:10     | Reached **** piety under Okawaru
 11348 | D:10     | Reached skill level 7 in Fighting
 11361 | D:10     | Learned a level 4 spell: Ignite Poison
 11447 | D:10     | Reached skill level 1 in Fire Magic
 11453 | D:10     | Reached skill level 3 in Fire Magic
 11453 | D:10     | Reached XP level 11. HP: 72/84 MP: 4/16
 11828 | D:10     | Noticed Urug
 11845 | D:10     | Reached skill level 4 in Fire Magic
 11852 | D:10     | Killed Urug
 11853 | D:10     | Reached skill level 5 in Fire Magic
 12040 | Lair:1   | Entered Level 1 of the Lair of Beasts
 12120 | Lair:1   | Reached skill level 6 in Fire Magic
 12243 | Lair:1   | Reached skill level 4 in Invocations
 12360 | Lair:1   | Reached skill level 5 in Invocations
 12525 | Lair:1   | Reached ***** piety under Okawaru
 12526 | Lair:1   | Reached skill level 6 in Invocations
 13112 | Lair:2   | Reached skill level 7 in Invocations
 13192 | Lair:2   | Reached skill level 8 in Fighting
 13382 | Lair:2   | Received a gift from Okawaru
 13383 | Lair:2   | Reached skill level 9 in Fighting
 13386 | Lair:2   | Learned a level 1 spell: Apportation
 13402 | Lair:2   | HP: 42/89 [poisoned by a cane toad]
 13407 | Lair:2   | HP: 25/89 [poisoned by a cane toad]
 13408 | Lair:2   | HP: 12/89 [cane toad (12)]
 13410 | Lair:2   | HP: 3/89 [poisoned by a cane toad]
 13411 | Lair:2   | Succumbed to a cane toad's poison

Illustrated notes

Levels and vault maps discovered:
D:1:      erik_arrival_cave_to_civilisation [erik_arrival_cave_to_hall],
          layout_loops_ring, serial_shops, shop
D:2:      layout_loops_ring, dk_noncrumbling_2
D:3:      layout_basic, gammafunk_ghost_split
D:4:      minmay_bubble_buster, layout_loops_ring,
          nicolae_wu_jian_immortal_techniques, grunt_ministairs_11,
          pf_guarded_unrand_meek, uniq_grinder
D:5:      layout_loops_ring, serial_bayou_lagoon_b
D:6:      cheibrodos_two_vegetables, layout_basic, led_xom_imps,
          minmay_temple_entry_ruins
D:7:      layout_loops_ring, gammafunk_ghost_abyssal_escape
D:8:      layout_rooms, grunt_temple_overflow_open, nicolae_phantomly_mirrored
D:9:      layout_gridville, mainiacjoe_overflow_six_doors_small,
          grunt_qazlal_sundering, nicolae_lava_and_water
D:10:     layout_gridville, dpeg_lair_monsters, uniq_urug
Temple:   regret_index_temple_waves
Lair:1:   layout_chaotic_city
Lair:2:   layout_chaotic_city, hangedman_lair_generics_rect,
          serial_bayou_shore_b

Skill      XL: |  1  2  3  4  5  6  7  8  9 10 11 |
---------------+----------------------------------+-----
Conjurations   | 2 4 5 |  5.8
Fighting       | 1 2 4 7 9 |  9.0
Stealth        | 2 |  2.0
Alchemy        | 4 5 6 9 |  9.2
Air Magic      | 2 3 4 5 |  5.0
Evocations     | 1 |  1.0
Spellcasting   | 3 |  3.5
Staves         | 2 |  2.0
Ranged Weapons | 4 5 9 |  9.0
Invocations    | 3 7 |  7.0
Fire Magic     | 3 6 |  6.0
Dodging        | |  2.1

Action                     |  1- 3 |  4- 6 |  7- 9 | 10-12 || total
---------------------------+-------+-------+-------+-------++-------
  Melee: Unarmed           |     6 |       |       |       ||     6
         Dagger            |    40 |    64 |       |       ||   104
         Short sword       |     3 |       |       |       ||     3
         Quarterstaff      |       |       |    41 |       ||    41
   Fire: Sling             |       |       |   146 |   325 ||   471
  Throw: Javelin           |       |     1 |       |       ||     1
         Dart              |       |       |       |     1 ||     1
   Cast: Sting             |    53 |    45 |    62 |     1 ||   161
         Mercury Vapours   |       |    17 |    23 |       ||    40
         Olgreb's Toxic Ra |       |       |     8 |    42 ||    50
         Mephitic Cloud    |       |       |     1 |     7 ||     8
         Fulminant Prism   |       |       |       |     1 ||     1
 Invoke: Heroism           |       |       |     1 |     2 ||     3
Ability: Hop               |       |       |       |     4 ||     4
  Evoke: Wand              |       |     5 |     6 |     2 ||    13
    Use: Scroll            |       |     6 |     2 |     4 ||    12
         Potion            |       |       |       |     3 ||     3
   Stab: Sleeping          |       |     1 |       |       ||     1
         Paralysed         |       |     8 |       |       ||     8
 Armour: Robe              |    36 |    47 |    66 |     3 ||   152
         Steam dragon scal |       |       |       |    52 ||    52
  Dodge: Dodged            |    30 |    37 |    70 |    69 ||   206

Table legend: (Time is in decaauts)
 A = Elapsed time spent in this place.
 B = Non-inter-level travel time spent in this place.
 C = Inter-level travel time spent in this place.
 D = Time resting spent in this place.
 E = Time spent auto-exploring this place.
 F = Levels seen in this place.
 G = Mean time per level.
                   A        B        C        D        E       F      G
               +--------+--------+--------+--------+--------+-----+--------+
         Total |  15033 |  13872 |   1161 |   1055 |  10742 |  13 | 1156.4 |
       Dungeon |  13386 |  12397 |    989 |    962 |   9601 |  10 | 1338.6 |
        Temple |    139 |      2 |    137 |      0 |      0 |   1 |  139.0 |
          Lair |   1508 |   1474 |     34 |     93 |   1141 |   2 |  754.0 |
               +--------+--------+--------+--------+--------+-----+--------+

Top non-repeatable levels by time:
     D:4: 1931 daAuts
     D:6: 1890 daAuts
     D:3: 1747 daAuts
     D:2: 1523 daAuts
     D:7: 1404 daAuts
     D:1: 1283 daAuts
  Lair:1: 1129 daAuts
    D:10: 1049 daAuts
     D:5: 969 daAuts
     D:8: 887 daAuts
     D:9: 699 daAuts
  Lair:2: 378 daAuts
  Temple: 139 daAuts

Levels and vault maps discovered:
D:1:      erik_arrival_cave_to_civilisation [erik_arrival_cave_to_hall],
          layout_loops_ring, serial_shops, shop
D:2:      layout_loops_ring, dk_noncrumbling_2
D:3:      layout_basic, gammafunk_ghost_split
D:4:      minmay_bubble_buster, layout_loops_ring,
          nicolae_wu_jian_immortal_techniques, grunt_ministairs_11,
          pf_guarded_unrand_meek, uniq_grinder
D:5:      layout_loops_ring, serial_bayou_lagoon_b
D:6:      cheibrodos_two_vegetables, layout_basic, led_xom_imps,
          minmay_temple_entry_ruins
D:7:      layout_loops_ring, gammafunk_ghost_abyssal_escape
D:8:      layout_rooms, grunt_temple_overflow_open, nicolae_phantomly_mirrored
D:9:      layout_gridville, mainiacjoe_overflow_six_doors_small,
          grunt_qazlal_sundering, nicolae_lava_and_water
D:10:     layout_gridville, dpeg_lair_monsters, uniq_urug
Temple:   regret_index_temple_waves
Lair:1:   layout_chaotic_city
Lair:2:   layout_chaotic_city, hangedman_lair_generics_rect,
          serial_bayou_shore_b

Table legend: (Time is in decaauts)
 A = Elapsed time spent in this place.
 B = Non-inter-level travel time spent in this place.
 C = Inter-level travel time spent in this place.
 D = Time resting spent in this place.
 E = Time spent auto-exploring this place.
 F = Levels seen in this place.
 G = Mean time per level.
                   A        B        C        D        E       F      G
               +--------+--------+--------+--------+--------+-----+--------+
         Total |  15033 |  13872 |   1161 |   1055 |  10742 |  13 | 1156.4 |
       Dungeon |  13386 |  12397 |    989 |    962 |   9601 |  10 | 1338.6 |
        Temple |    139 |      2 |    137 |      0 |      0 |   1 |  139.0 |
          Lair |   1508 |   1474 |     34 |     93 |   1141 |   2 |  754.0 |
               +--------+--------+--------+--------+--------+-----+--------+

Top non-repeatable levels by time:
     D:4: 1931 daAuts
     D:6: 1890 daAuts
     D:3: 1747 daAuts
     D:2: 1523 daAuts
     D:7: 1404 daAuts
     D:1: 1283 daAuts
  Lair:1: 1129 daAuts
    D:10: 1049 daAuts
     D:5: 969 daAuts
     D:8: 887 daAuts
     D:9: 699 daAuts
  Lair:2: 378 daAuts
  Temple: 139 daAuts

Table legend:
 A = Kills in this place as a percentage of kills in the entire game.
 B = Kills by you in this place as a percentage of kills by you in the entire game.
 C = Kills by friends in this place as a percentage of kills by friends in the entire game.
 D = Other kills in this place as a percentage of other kills in the entire game.
 E = Experience gained in this place as a percentage of experience gained in the entire game.
 F = Experience gained in this place divided by the number of levels of this place that you have seen.
                   A       B       C       D       E      F
               +-------+-------+-------+-------+-------+----------------------
         Total | 100.0 | 100.0 |   N/A |   N/A | 100.0 | 1375.6
       Dungeon |  87.0 |  87.0 |   N/A |   N/A |  59.4 | 1062.5
          Lair |  13.0 |  13.0 |   N/A |   N/A |  40.6 | 3629.0
               +-------+-------+-------+-------+-------+----------------------
